 Dungeon Crawl Stone Soup version 0.27.1-33-g824d729ab1 (webtiles) character file.

Game seed: 7579116599872663537

5002 potato4science the Transmogrifier (level 10, -12/46 HPs)
             Began as a Spriggan Venom Mage on Dec 27, 2021.
             Was a Follower of Sif Muna.
             Shot with an arrow by a centaur (13 damage)
             ... on level 8 of the Dungeon.
             The game lasted 01:29:52 (13242 turns).

potato4science the Transmogrifier (SpVM)           Turns: 13242, Time: 01:29:54

Health: -12/46     AC:  5    Str:  6    XL:     10   Next: 29%
Magic:  19/24      EV: 18    Int: 18    God:    Sif Muna [*.....]
Gold:   301        SH:  0    Dex: 16    Spells: 10/27 levels left

rFire    . . .     SeeInvis +   b - +0 hunting sling
rCold    . . .     Faith    .   (shield restricted)
rNeg     . . .     Spirit   .   j - +0 robe
rPois    .         Reflect  .   (helmet restricted)
rElec    .         Harm     .   w - +2 cloak
rCorr    .         Rampage  .   (gloves unavailable)
Will     +....                  (boots unavailable)
Stlth    ++........             n - amulet of magic regeneration
HPRegen  0.15/turn              (no ring)
MPRegen  0.44/turn              (no ring)

@: very quick
A: very small, no large weapons, unfitting armour, see invisible, speed 3
a: Renounce Religion, Channel Magic


You were on level 8 of the Dungeon.
You worshipped Sif Muna.
Sif Muna was aware of your devotion.
You visited 2 branches of the dungeon, and saw 9 of its levels.

You collected 301 gold pieces.

Inventory:

Hand Weapons
 a - a +3 dagger of venom
 b - a +0 hunting sling (weapon)
Missiles
 c - 49 poisoned darts
 e - 11 boomerangs
 k - 159 stones (quivered ammo)
 l - a throwing net
Armour
 j - a +0 robe (worn)
 w - a +2 cloak (worn)
Magical Staves
 f - a staff of death
Jewellery
 n - an amulet of magic regeneration (around neck)
Wands
 g - a wand of acid (14)
 p - a wand of polymorph (12)
 y - a wand of flame (20)
Scrolls
 d - 4 scrolls of blinking
 m - a scroll of holy word {unknown}
 x - a scroll of teleportation
 z - a scroll of enchant armour {unknown}
Potions
 h - a potion of haste
 i - 2 potions of invisibility
 o - a potion of magic
 q - 2 potions of curing
 r - a potion of heal wounds {unknown}
 s - 2 potions of resistance
 u - a potion of ambrosia {unknown}
 v - a potion of attraction {unknown}
 A - 2 potions of might


   Skills:
 - Level 2.0 Fighting
 - Level 4.0 Dodging
 - Level 3.0 Stealth
 - Level 9.0 Spellcasting
 + Level 8.6 Hexes
 - Level 9.0 Transmutations
 - Level 2.0 Air Magic
 - Level 8.0 Poison Magic
 - Level 4.0 Evocations


You had 10 spell levels left.
You knew the following spells:

 Your Spells              Type           Power      Damage    Failure   Level
a - Sting                 Tmut/Pois      100%       1d8       1%          1
b - Poisonous Vapours     Pois/Air       52%        N/A       1%          2
c - Olgreb's Toxic Radia  Pois           36%        N/A       3%          4
d - Slow                  Hex            39%        N/A       1%          2
e - Tukima's Dance        Hex            39%        N/A       1%          3
f - Yara's Violent Unrav  Hex/Tmut       19%        3d9       6%          5

Your spell library contained the following spells:

 Spells                   Type           Power      Damage    Failure   Level
 Corona                   Hex            43%        N/A       1%          1
 Confusing Touch          Hex            39%        N/A       1%          3
 Ensorcelled Hibernation  Hex/Ice        46%        N/A       2%          2
 Mephitic Cloud           Conj/Pois/Air  20%        N/A       7%          3
 Magic Dart               Conj           32%        1d4       9%          1
 Static Discharge         Conj/Air       11%        N/A       9%          2
 Call Imp                 Summ           8%         N/A       13%         2
 Stone Arrow              Conj/Erth      16%        3d8       26%         3
 Lightning Bolt           Conj/Air       5%         1d17      85%         5
 Bolt of Magma            Conj/Fire/Erth 4%         4d5       94%         5
 Maxwell's Capacitive Co  Air            7%         ∞         100%        8
 Chain Lightning          Conj/Air       5%         3d7       100%        9
 Fire Storm               Conj/Fire      4%         8d1       100%        9
 Shatter                  Erth           4%         3d7*      100%        9


Dungeon Overview and Level Annotations

Branches:
Dungeon (8/15)             Temple (1/1) D:5
   Lair: D:8-11

Altars:
Ashenzari
Cheibriados
Dithmenos
Elyvilon
Fedhas
Gozag
Hepliaklqana
Kikubaaqudgha
Nemelex Xobeh
Okawaru
Qazlal
Ru
Sif Muna
Trog
Uskayaw
Vehumet
Wu Jian
Xom
Yredelemnul
Zin
The Shining One

Shops:
D:1 **   D:6 ?

Annotations:
D:7 3 runed translucent doors, Selrock's ghost, novice DsBe; barney's ghost, amateur DrTm; doobhtoobh's ghost, novice KoEn; garbled's ghost, amateur HOMo; zeram's ghost, novice SpBr


Innate Abilities, Weirdness & Mutations

You are very small and have problems with some larger weapons.
You are too small for most types of armour.
You have supernaturally acute eyesight. (SInv)
You cover ground extremely quickly. (Speed+++)


Message History

Press: ? - help, Shift-Dir - straight line, f/p - killer bee zombie
Aim: a killer bee zombie (moderately damaged, slow, chance to affect: 85%)
The killer bee zombie seems to slow down.
You shoot a stone.
The stone closely misses the killer bee zombie.
You shoot a stone. The stone misses the killer bee zombie.
A centaur comes into view.
The centaur moves out of view.
You shoot a stone. The stone hits the killer bee zombie.
The killer bee zombie is heavily damaged.
The centaur shouts!
The centaur wields a +3 shortbow.
The centaur shoots an arrow.
The arrow hits you.
The centaur shoots an arrow.
The arrow hits you.
The centaur shoots an arrow.
The arrow misses you.
Casting: Slow (safe; 1% risk of failure)
Confirm with . or Enter, or press ? or * to list all spells.
Aiming: Poisonous Vapours (safe; 1% risk of failure)
Press: ? - help, Dir - move target, f - centaur
Aim: a centaur, wielding a +3 shortbow and quivering arrows Poisonous vapours surround the centaur!
The centaur is poisoned.
The centaur shoots an arrow.
The arrow hits you!
The centaur shoots an arrow.
The arrow closely misses you.
Casting: Poisonous Vapours (safe; 1% risk of failure)
Confirm with . or Enter, or press ? or * to list all spells.
Aiming: Poisonous Vapours (safe; 1% risk of failure)
Press: ? - help, Dir - move target, f/p - centaur
Aim: a centaur, wielding a +3 shortbow and quivering arrows (very poisoned) Poisonous vapours surround the centaur!
The centaur looks even sicker.
The centaur shoots an arrow.
The arrow hits you!
Casting: Poisonous Vapours (safe; 1% risk of failure)
Confirm with . or Enter, or press ? or * to list all spells.
Aiming: Poisonous Vapours (safe; 1% risk of failure)
Press: ? - help, Dir - move target, f/p - centaur
Aim: a centaur, wielding a +3 shortbow and quivering arrows (very poisoned) Poisonous vapours surround the centaur!
The centaur looks as sick as possible!
The centaur shoots an arrow.
The arrow hits you!
* * * LOW HITPOINT WARNING * * *
The centaur shoots an arrow.
The arrow hits you!
You die...

... #.#......######.
######.###.#.[...........
...........c...#.###########
........##.#...............#
...<.......#.#.#.#########.#
........##Z#.#.#.# #.#
#.......##.#.#.#.# #.#
#######..#.#.#.#.# #.#
##.#.#@#.#.# #.# #...#.#.#.#
#.# ##..#.#.#.# #.#
#.###..#.#.# #.#
#.....(..#.# #### #.#
#..###(..# #<.# #.# ...(
#...# ##.# #.# .[# #...# #.#
#.# . ....# ##.######.#


You could see a centaur (extremely poisoned).

Vanquished Creatures
  2 two-headed ogres (D:5)
  A kobold demonologist (D:7)
  Grinder (Temple)
  Prince Ribbit (D:5)
  A steam dragon (D:8)
  3 water moccasins (D:6)
  3 sky beasts
  6 ogres
  A centaur (D:5)
  2 phantoms (D:6)
  A kobold brigand (D:7)
  5 scorpions
  A water moccasin zombie (D:5)
  A water moccasin skeleton (D:5)
  5 killer bees
  3 wights (D:7)
  6 howler monkeys
  3 bullfrog skeletons (D:5)
  2 jellies
  An orc priest (D:4)
  A gnoll shaman (D:7)
  2 hounds
  A centaur skeleton (D:7)
  Natasha (thrice) (D:2)
  2 iguanas (D:6)
  5 gnolls
  8 adders
  2 white imps (D:7)
  An ufetubus (D:6)
  4 worms
  3 dart slugs
  13 orcs
  7 endoplasms
  6 giant cockroaches
  7 goblins
  4 hobgoblins
  A jackal (D:5)
  6 kobolds
  2 quokkas
  8 ball pythons
  4 bats
  3 frilled lizards
  5 rats
147 creatures vanquished.

Vanquished Creatures (others)
  16 plants (D:1)
16 creatures vanquished.

Grand Total: 163 creatures vanquished

Notes
Turn   | Place    | Note
-------+----------+-------------------------------------------
     0 | D:1      | potato4science the Spriggan Venom Mage began the quest for
                  | the Orb.
     0 | D:1      | Reached XP level 1. HP: 9/9 MP: 5/5
   353 | D:1      | Found Qeroniod's Assorted Antiques.
   372 | D:1      | Reached XP level 2. HP: 14/14 MP: 1/7
   426 | D:1      | Learned a level 2 spell: Poisonous Vapours
   458 | D:1      | Found Baimuror's Assorted Antiques.
   519 | D:1      | Reached skill level 1 in Fighting
  1214 | D:2      | Found an iron altar of Okawaru.
  1584 | D:2      | Reached skill level 1 in Air Magic
  1740 | D:2      | Reached XP level 3. HP: 18/18 MP: 3/8
  2010 | D:2      | Noticed Natasha
  2022 | D:2      | Killed Natasha
  2023 | D:2      | Reached XP level 4. HP: 9/22 MP: 5/9
  2201 | D:2      | Learned a level 4 spell: Olgreb's Toxic Radiance
  2485 | D:2      | Noticed Natasha
  2508 | D:2      | Killed Natasha
  2914 | D:2      | Noticed Natasha
  2923 | D:2      | Killed Natasha
  3148 | D:3      | Found a white marble altar of Elyvilon.
  3178 | D:3      | Found a glowing golden altar of the Shining One.
  3220 | D:3      | Reached XP level 5. HP: 25/25 MP: 3/12
  3994 | D:3      | Found a radiant altar of Vehumet.
  4376 | D:4      | Found a hazy altar of Hepliaklqana.
  4511 | D:4      | Reached skill level 5 in Poison Magic
  4769 | D:4      | Found a hide-covered altar of Uskayaw.
  5136 | D:4      | Reached XP level 6. HP: 30/30 MP: 11/13
  5605 | D:4      | Reached skill level 5 in Spellcasting
  5766 | D:5      | Entered Level 5 of the Dungeon
  5848 | D:5      | Noticed a sky beast
  5863 | D:5      | Killed a sky beast
  5864 | D:5      | Reached XP level 7. HP: 33/33 MP: 5/15
  5961 | D:5      | Noticed a two-headed ogre
  5990 | D:5      | Killed a two-headed ogre
  5991 | D:5      | Reached skill level 5 in Transmutations
  5991 | D:5      | Reached XP level 8. HP: 37/37 MP: 5/18
  6173 | D:5      | Noticed Prince Ribbit
  6199 | D:5      | Killed Prince Ribbit
  6306 | D:5      | Noticed Grinder
  6506 | D:5      | Noticed a two-headed ogre
  6509 | D:5      | Found a staircase to the Ecumenical Temple.
  6512 | D:5      | Paralysed by Grinder for 6 turns
  6523 | Temple   | Entered the Ecumenical Temple
  6551 | Temple   | Killed Grinder
  6803 | Temple   | Became a worshipper of Sif Muna the Loreminder
  7403 | D:5      | Reached XP level 9. HP: 39/42 MP: 12/22
  7463 | D:5      | Learned a level 2 spell: Slow
  7467 | D:5      | Learned a level 3 spell: Tukima's Dance
  7473 | D:5      | Learned a level 5 spell: Yara's Violent Unravelling
  7517 | D:5      | Killed a two-headed ogre
  7518 | D:5      | Reached skill level 5 in Hexes
  9028 | D:6      | Found an opulent altar of Gozag.
  9191 | D:6      | Found Cuossiam's Magic Scroll Emporium.
  9562 | D:6      | Identified the +1 ring mail of the Enchanted Forest {Drain
                  | rN+++ Str-5 Int+10}
  9803 | D:6      | Reached * piety under Sif Muna
 10525 | D:6      | Found Cuossiam's Magic Scroll Emporium.
 10564 | D:6      | Found an opulent altar of Gozag.
 11343 | D:6      | Found Cuossiam's Magic Scroll Emporium.
 11383 | D:6      | Found an opulent altar of Gozag.
 11785 | D:6      | Reached XP level 10. HP: 46/46 MP: 18/23
 12757 | D:7      | Found a sparkling altar of Nemelex Xobeh.
 12836 | D:7      | Found a glowing silver altar of Zin.
 12850 | D:7      | Found a runed translucent gate.
 12850 | D:7      | Found a runed translucent gate.
 12889 | D:7      | Found a shadowy altar of Dithmenos.
 12999 | D:7      | Found a runed translucent gate.
 13000 | D:7      | Noticed doobhtoobh's ghost (novice KoEn)
 13000 | D:7      | Noticed barney's ghost (amateur DrTm)
 13000 | D:7      | Noticed garbled's ghost (amateur HOMo)
 13001 | D:7      | Noticed Selrock's ghost (novice DsBe)
 13002 | D:7      | Noticed zeram's ghost (novice SpBr)
 13132 | D:8      | Identified the +5 ring mail of the Orb Guardian {rC++}
 13242 | D:8      | HP: 1/46 [centaur/arrow (17)]
 13242 | D:8      | Shot with an arrow by a centaur

Illustrated notes

Levels and vault maps discovered:
D:1:      amcnicky_arrival_wind_blow, layout_basic, serial_shops, shop, shop,
          wad_woods_river_04, solitary_fountain
D:2:      layout_basic, basic_altar, uniq_natasha
D:3:      layout_basic, mainiacjoe_overflow_large_starburst,
          mainiacjoe_overflow_brackets, kennysheep_generic_room_14
D:4:      layout_loops_ring, nicolae_uskayaw_dance_hall,
          nicolae_overflow_hidden_temple, fountainhead
D:5:      minmay_chambers_of_threes, layout_basic,
          minmay_temple_entry_water_ring, uniq_grinder, uniq_prince_ribbit1
D:6:      layout_loops_ring, amcnicky_altar_gilded, serial_shops,
          nicolae_shop_trees
D:7:      layout_rooms, nemelex_dance_club_becter,
          nicolae_dithmenos_the_darkroom, nicolae_overflow_crystal_walls,
          gammafunk_ghost_cemetery
D:8:      layout_basic, dpeg_lair_monsters, minmay_chambers_of_fives,
          uniq_psyche
Temple:   hc_temple_tempest_star

Skill      XL: |  1  2  3  4  5  6  7  8  9 10 |
---------------+-------------------------------+-----
Spellcasting   | 3 4 5 6 8 9 |  9.0
Transmutations | 2 3 5 9 |  9.0
Fighting       | 1 2 |  2.0
Air Magic      | 1 2 |  2.0
Poison Magic   | 4 5 6 7 8 |  8.0
Dodging        | 3 4 |  4.0
Evocations     | 4 |  4.0
Hexes          | 7 8 |  8.6
Stealth        | |  3.0

Action                   |  1- 3 |  4- 6 |  7- 9 | 10-12 || total
-------------------------+-------+-------+-------+-------++-------
Melee: Staff             |    61 |       |    13 |       ||    74
 Fire: Hunting sling     |       |       |    88 |    38 ||   126
 Cast: Sting             |    33 |    98 |   125 |    22 ||   278
       Poisonous Vapours |    15 |    44 |    60 |    24 ||   143
       Slow              |       |       |    41 |    14 ||    55
       Olgreb's Toxic Ra |       |       |     9 |    12 ||    21
       Tukima's Dance    |       |       |     1 |       ||     1
Evoke: Wand              |       |       |     5 |    10 ||    15
  Use: Scroll            |       |     5 |     7 |     2 ||    14
       Potion            |       |       |     1 |       ||     1
Armor: Robe              |     1 |       |     7 |       ||     8
Dodge: Dodged            |     5 |     4 |    58 |     8 ||    75
